Workbook
Name sel_10: コード表!$H$2:$H$18
Name sel_11: コード表!$G$2:$G$4
Name sel_21: コード表!$S$2:$S$8
Name sel_3: コード表!$B$2:$B$46
Name sel_7: コード表!$D$2:$D$3
Name sel_9: コード表!$E$2:$E$3
Name 集計用テーブル: 管理用!$A$2:$BV$12
Name 選択_営農類型: コード表!$H$2:$H$18
Name 選択_課税区分: コード表!$G$2:$G$4
Name 選択_改善目標: コード表!$S$2:$S$8
Name 選択_丸バツ: コード表!$C$2:$C$3
Name 選択_共済加入: コード表!$M$2:$M$3
Name 選択_共済施設区分: コード表!$O$2:$O$8
Name 選択_金融機関: コード表!$Q$2:$Q$14
Name 選択_市町村: コード表!$B$2:$B$46
Name 選択_施設経過年数: コード表!$N$2:$N$17
Name 選択_施設等種類: コード表!$J$2:$J$20
Name 選択_事業メニュー: コード表!$I$2:$I$9
Name 選択_所有貸借: コード表!$L$2:$L$4
Name 選択_助成対象者立場: コード表!$AL$2:$AL$3
Name 選択_整備形態: コード表!$K$2:$K$6
Name 選択_対象者区分: コード表!$D$2:$D$3
Name 選択_撤去区分: コード表!$P$2:$P$8
Name 選択_法人区分: コード表!$E$2:$E$3
Name 選択_目標地図区分: コード表!$F$2:$F$6
Name 選択_融資種類: コード表!$R$2:$R$8

Sheet 申込書
A1: （ | B1: 水色：必須入力、 | G1: 赤：選択入力、 | K1: 紫：該当する場合のみ入力 | S1: ） | AK1: 申請日
T2: 営農再開支援事業申込書 | AL2: 被災証明書の発行（市町がチェック）
T3: （兼 被災証明書申込書）
B4: 市町村 通し番号 | I4: ふりがな | V4: ふりがな | AU4: 申請取消
I5: 助成対象者氏名 （法人名） | V5: （法人の場合、代表者氏名）
B6: 申込先 市町村 | I6: 〔助成対象者が貸借施設等の所有者の場合、利用者氏名〕 | AE6: 〔 | AL6: 〕
B7: 郵便番号 | M7: 住 所 | P7: =IF($E$7="","",IFERROR(VLOOKUP($E$7,'郵便番号（熊本県）'!$A:$B,2,FALSE),""))
B8: 電話番号 （できれば携帯） | P8: メールアドレス
B10: Ⅰ 助成対象者の概要
C11: 各区分について該当するものをリストから選択ください。
B12: （１）助成対象者区分 | L12: （２）法人区分 | S12: （３）目標地図に位置付けられた者の区分
B15: （４）営農類型・規模
C16: 営農類型 | I16: 現状の経営規模 | N16: 計画上経営規模
M17: ㎡ | R17: ㎡ | T17: （注）最も販売収入が多い類型を選択。施設等補強の方は規模（面積等）を併せて入力
B19: （５）課税区分 | I19: （６）消費税仕入控除区分 | BB19: 1 | BC19: 2 | BD19: 3
R20: （注）(５)で課税事業者の場合のみ入力 | BB20: 80%控除対象 | BC20: 全額控除 | BD20: 控除不可
B22: （７）個人情報の取扱い
C23: 本事業の実施に当たり、本申請に係る個人情報又は地域計画に記載されている個人情報（氏名等）について、地方公共団体、共済組合等に提供することに同意します。（同意いただけない場合は、取組内容等が確認ができないため、本事業の実施ができない場合があります。）
B25: （８）実施状況等の情報提供 | AA25: （９）営農継続見込み
C26: 本事業の事業実施状況及び成果等について、調査、報告又は資料提供に協力します。 | AB26: 被災後も営農をやめることなく再開しようとする者
B29: Ⅱ 事業内容等
B30: （１）被災・導入施設等について
B31: No | C31: 被害を受けた施設等 | O31: 導入する施設等 | AO31: 撤去の場合
C32: 施設等区分 | J32: 貸借施設等 | O32: 導入等する施設等の種類 | S32: 施設等名称・能力・規模 | Z32: 規模決定の根拠 | AG32: 整備形態 | AH32: 原形復旧を超える整備 | AI32: 超過部分の内容・理由 | AO32: 撤去区分 | AR32: 特認単価（円/㎡） | AT32: 環境部局との調整
C33: 事業メニュー | E33: 被災施設等の種類 | J33: 所有貸借区分 | K33: 助成対象者の立場 | L33: 妥当性確認 | M33: 所有者名 | N33: 貸借継続・合意・利用確約
B34: =IF(C34="","",1)
B35: =IF(C35="","",B34+1)
B36: =IF(C36="","",B35+1)
B37: =IF(C37="","",B36+1)
B38: =IF(C38="","",B37+1)
B39: =IF(C39="","",B38+1)
B40: =IF(C40="","",B39+1)
B41: =IF(C41="","",B40+1)
B42: =IF(C42="","",B41+1)
B43: =IF(C43="","",B42+1)
B44: （注） | D44: 妥当性確認、特認単価（円/㎡）及び環境部局との調整は該当する場合市町村で入力
B46: （２）被災施設等の状況（その１）
B47: No | C47: 被害を受けた機械・施設等名称及び能力・規模等 | J47: 着工(契約) （予定） 年月日 | M47: 竣工 （予定） 年月日 | P47: 保険の加入情報 | U47: 共済対象施設の状況（園芸施設共済対象施設（農業用ハウス等）の再建、修繕、撤去を行う場合） | AI47: 農業専用トラックが被災した場合に記入
P48: 保険 加入 (予定) 年月 | R48: 保険会社等の名称 | U48: 加入状況 | V48: 園芸施設共済の引受対象施設の特定園芸施設等の区分 | AB48: 施設の経過年数 | AD48: 時価 現有率 | AF48: 共済金支払通知書の関連する棟番号（未加入は空欄） | AI48: 被災時点で新車登録から14年以内 | AL48: 被災前に農業専用に使用
B62: （３）被災施設等の状況（その２）
B63: No | C63: 被害を受けた機械・施設等名称及び能力・規模等 | J63: 施設等の 被災状況 | M63: 施設の場合 のみ記入 | P63: 被災した場所 | W63: 施工する場所 | AD63: 被災施設等の整備時における 国庫補助事業の活用状況 | AO63: 共同利用
M64: 撤去面積（㎡） | AD64: 活用状況 | AE64: 過去事業名・実施年度 | AO64: 該当 | AP64: 共同利用上限額
B77: （４）導入する施設等の事業費等 | AU77: Ⅱ （６）導入する施設等の状況 | BX77: 2025
B78: No | D78: 事業費（円） (最低見積額） | H78: 補助対象外の算定 | R78: 国庫補助金額算定の基礎となる事業費(円) | V78: 算定額（円）※融資額を除き市町村で記載 | AQ78: 撤去に係る共済金支払額 | AS78: 再建・修繕対象に係る共済金支払額 | AU78: No | AV78: 導入する 機械・施設等名称 及び能力・規模等 | AX78: その他 | BE78: 中古、新品の別 | BF78: 耐用年数 （年） 中古資産の場合も記載ください。 | BX78: 2026
H79: 補助対象外 項目分 | L79: 機能向上等情報 | V79: 国費 | Y79: 地方支援措置 | AK79: 対象経営体負担額 | AX79: 事業対象物件の担保措置の有無 | AY79: 融資概要 | BC79: 保証希望融資額 | BD79: 追加的 信用供与 事業費 | BX79: 2027
L80: 既存の 能力・規格 | O80: 整備後の 能力・規格 | Y80: 都道府県費 | AB80: 市町村費 | AE80: その他の地方の支援措置 | AH80: 地方公共団体による助成金額（撤去） | AK80: 融資額 | AN80: 自己資金 | AY80: 金融機関 | AZ80: 金融（資金）種類 | BA80: 償還年度 | BB80: 追加的信用供与活用見込み | BX80: 2028
D81: a | H81: b | L81: c | O81: d | R81: A=(a-b) 又は A=(a-b)×c÷d | BX81: 2029
BX82: 2030
BX83: 2031
BX84: 2032
BX85: 2033
BX86: 2034
BX87: 2035
BX88: 2036
BX89: 2037
BX90: 2038
BX91: 2039
B92: 計 | D92: =SUM(D82:G91) -> 0 | H92: =SUM(H82:K91) -> 0 | R92: =SUM(R82:U91) -> 0 | V92: =SUM(V82:X91) -> 0 | Y92: =SUM(Y82:AA91) -> 0 | AB92: =SUM(AB82:AD91) -> 0 | AE92: =SUM(AE82:AG91) -> 0 | AH92: =SUM(AH82:AJ91) -> 0 | AK92: =SUM(AK82:AM91) -> 0 | AN92: =SUM(AN82:AP91) -> 0 | AQ92: =SUM(AQ82:AR91) -> 0 | AS92: =SUM(AS82:AT91) -> 0 | BX92: 2040
B93: （注） | D93: 見積書を基に金額を記入。（１）で「機能向上・規模拡大」に該当する施設等は、適正に減額した金額を記載すること。 | BX93: 2041
D94: 再建・修繕分と撤去分で同じ共済金を両方へ入力しないこと。 | BX94: 2042
B95: （５）経営体の成果目標 | BX95: 2043
C96: ①基本成果目標 | Q96: ②基本目標年度（市町村記入）
AW97: 被災農業者の農業経営の維持
BX98: 2044
C100: ③農業経営改善の取組（農業用機械の再取得がある場合）
D101: 目標設定 次のいずれか一つ選択 | K101: 現状値 | O101: 改善目標年度 | R101: 改善目標値 | V101: 目標設定根拠資料 | BX101: 2045
BX102: 2046
C104: ④補強成果目標（事業メニューで補強を選択されている方は入力ください）
BX105: 2047
D106: 目標設定 | K106: 現状 | O106: 現状年度 | R106: 1年度目 | V106: 2年度目 | Z106: 3年度目 | AD106: 目標設定根拠資料 | BX106: 2048
BX107: 2049
D108: 付加価値額の拡大 | N108: 円 | U108: 円 | Y108: 円 | AC108: 円 | BX108: 2050
BX109: 2051
BX110: 2052
BX111: 2053
C112: ⑤成果目標との関連
D114: ※導入等する機械等が成果目標の達成にどのように関係するかを具体的に記載
D115: 例：施設・機械の復旧により被災前の営農を継続し、農業経営の維持を図る。
BX116: 2054
BX117: 2055
BX118: 2056
BX119: 2057
BX120: 2058
BX121: 2059
B122: ※以下は市町村で記載 | BX122: 2060
C123: 市町村による営農再開者認定 | L123: ※共済対象外施設・機械、農業専用トラックのみ | BX123: 2061
C124: 被災証明書の発行 | L124: ※案件・整備内容DB様式用（各事業内容で被災証明書が発行されていることを確認すること） | BX124: 2062
BX125: 2063
B126: 助成対象者要件の詳細（市町における確認事項） | BX126: 2064
B127: □ | C127: 1 | D127: 目標地図に位置付けられた者 | BX127: 2065
BX128: 2066
AV129: 2025 | AW129: 2026 | AX129: 2027 | AY129: 2028 | AZ129: 2029 | BA129: 2030 | BX129: 2067
BX130: 2068
B131: （３－１）目標地図に位置付けられた地域計画 | BX131: 2069
B132: ａ
B133: ｂ
B136: （３－２）地域計画に位置付けられた取組内容
O137: 現状（年度） | AA137: 10年後（目標年度：年度）
G139: 市町村名 | K139: 地域名 | O139: 経営作目等 | S139: 経営面積 | W139: 作業受託面積 | AA139: 経営作目等 | AE139: 経営面積 | AI139: 作業受託面積

Sheet 管理用
A1: E | B1: F | C1: G | D1: H | E1: I | F1: J | G1: K | H1: L | I1: M | J1: Ｎ | K1: Ｏ | L1: P | M1: Q | N1: R | O1: S | P1: T | Q1: U | R1: V | S1: Ｚ | T1: AA | U1: AB | V1: AC | W1: AD | Z1: B | AA1: M | AB1: N | AC1: O | AD1: P | AE1: Q | AF1: R | AG1: S | AH1: T | AI1: U | AJ1: V | AK1: W | AL1: X | AM1: Y | AN1: Z | AO1: AC | AP1: AD | AQ1: AG | AR1: AH | AS1: AI | AT1: AJ | AU1: AK | AV1: AL | AW1: AR | AX1: AS | AY1: AT | AZ1: AU | BA1: AV | BB1: AW | BC1: AX | BD1: AZ | BE1: BJ | BF1: BK | BG1: BL | BH1: BM | BI1: BN | BJ1: BO | BK1: BP | BL1: BQ | BM1: BR | BN1: CC | BO1: CE | BP1: CF | BQ1: CG | BR1: CH | BS1: CI | BT1: CJ | BU1: CK | BV1: CL
A2: 申込先 市町村 | B2: 助成対象者氏名 （法人名） | C2: （法人の場合、代表者氏名） | D2: 助成対象者区分 | E2: 法人区分 | F2: 目標地図に位置付けられた者の区分 | G2: 営農類型 | H2: 課税区分 | I2: 被災農業者証明 | J2: 営農継続見込み | K2: 現状の経営規模 | L2: 計画上経営規模 | M2: 基本成果目標 | N2: 基本目標年度 | O2: 農業経営改善の取組（農業用機械の再取得がある場合） | P2: 改善目標年度 | Q2: 現状値 | R2: 改善目標値 | S2: 現状年度 | T2: 現状値 | U2: 1年度目 | V2: 2年度目 | W2: 3年度目 | Y2: NO | Z2: 経営体ID | AA2: 事業メニュー | AB2: 被災施設等の種類 | AC2: 導入等する施設等の種類 | AD2: 施設等名称・能力・規模 | AE2: 規模決定の根拠 | AF2: 整備形態 | AG2: 財産管理上の耐用年数 | AH2: 市町村による営農再開者認定 | AI2: 原形復旧を超える整備 | AJ2: 超過部分の内容・理由 | AK2: 着工(契約)（予定）年月日 | AL2: 竣工（予定）年月日 | AM2: 施工住所 | AN2: 助成対象事業経費（税込） | AO2: 融資額 | AP2: 保証希望融資額 | AQ2: 共済金支払額 | AR2: 都道府県費 | AS2: 市町村費 | AT2: その他の地方の支援措置 | AU2: 地方公共団体による助成金額（撤去） | AV2: 撤去に係る共済金支払額 | AW2: 被災農業者証明 | AX2: 営農継続見込み | AY2: 保険加入予定年月日 | AZ2: 保険会社等名称 | BA2: 金融機関 | BB2: 融資（資金）種類 | BC2: 償還年度 | BD2: 導入施設等の担保提供 | BE2: 成果目標との関連 | BF2: 被災時点の園芸施設共済加入状況 | BG2: 共済施設区分 | BH2: 施設の経過年数 | BI2: 共済通知書関連棟番号 | BJ2: 撤去対象の被災面積（㎡） | BK2: 撤去区分 | BL2: 特認単価（円／㎡） | BM2: 環境部局との調整 | BN2: 所有・貸借区分 | BO2: 貸借対価・必要費償還等の妥当性確認 | BP2: 所有者名 | BQ2: 利用者名 | BR2: 貸借継続・合意・利用確約 | BS2: 共同利用案件 | BT2: 共同利用の原形復旧国費相当額合計 | BU2: 過去の国庫補助事業活用 | BV2: 過去事業名・実施年度
A3: =IF(申込書!E6<>"",申込書!E6,"") | B3: =IF(申込書!N5<>"",申込書!N5,"") | C3: =IF(申込書!$AU$5="○（取消し）","",IF(申込書!AE5<>"",申込書!AE5,"")) | D3: =IF(申込書!$AU$5="○（取消し）","",IF(申込書!C13<>"",申込書!C13,"")) | E3: =IF(申込書!$AU$5="○（取消し）","",IF(申込書!M13<>"",申込書!M13,"")) | F3: =IF(申込書!$AU$5="○（取消し）","",IF(申込書!T13<>"",申込書!T13,"")) | G3: =IF(申込書!$AU$5="○（取消し）","",IF(申込書!C17<>"",申込書!C17,"")) | H3: =IF(申込書!$AU$5="○（取消し）","",IF(申込書!C20<>"",申込書!C20,"")) | I3: =IF(申込書!$AU$5="○（取消し）","",IF(申込書!AK2<>"",申込書!AK2,"")) | J3: =IF(申込書!$AU$5="○（取消し）","",IF(申込書!AA26<>"",申込書!AA26,"")) | K3: =IF(申込書!$AU$5="○（取消し）","",IF(COUNTIF(申込書!$C$34:$C$43,"営農施設等の補強")>0,申込書!$I$17,"")) | L3: =IF(申込書!$AU$5="○（取消し）","",IF(COUNTIF(申込書!$C$34:$C$43,"営農施設等の補強")>0,申込書!$N$17,"")) | M3: =IF(申込書!$AU$5="○（取消し）","",IF(申込書!D97<>"",申込書!D97,"")) | N3: =IF(申込書!$AU$5="○（取消し）","",IF(申込書!R97<>"",申込書!R97,"")) | O3: =IF(申込書!$AU$5="○（取消し）","",IF(申込書!D102<>"",申込書!D102,"")) | P3: =IF(申込書!$AU$5="○（取消し）","",IF(申込書!O102<>"",申込書!O102,"")) | Q3: =IF(申込書!$AU$5="○（取消し）","",IF(申込書!K102<>"",申込書!K102,"")) | R3: =IF(申込書!$AU$5="○（取消し）","",IF(申込書!R102<>"",申込書!R102,"")) | S3: =IF(申込書!$AU$5="○（取消し）","",IF(申込書!O108<>"",申込書!O108,"")) | T3: =IF(申込書!$AU$5="○（取消し）","",IF(申込書!K108<>"",申込書!K108,"")) | U3: =IF(申込書!$AU$5="○（取消し）","",IF(申込書!R108<>"",申込書!R108,"")) | V3: =IF(申込書!$AU$5="○（取消し）","",IF(申込書!V108<>"",申込書!V108,"")) | W3: =IF(申込書!$AU$5="○（取消し）","",IF(申込書!Z108<>"",申込書!Z108,"")) | Y3: =IF(申込書!$AU$5="○（取消し）","",IF(申込書!B34<>"",申込書!B34,"")) | Z3: =IF(申込書!$AU$5="○（取消し）","",IF(OR(Y3="",申込書!$E$6="",申込書!$F$4="",申込書!$N$5=""),"",申込書!$E$6&"_"&申込書!$F$4&"_"&申込書!$N$5)) | AA3: =IF(申込書!$AU$5="○（取消し）","",IF(申込書!C34<>"",申込書!C34,"")) | AB3: =IF(申込書!$AU$5="○（取消し）","",IF(申込書!E34<>"",申込書!E34,"")) | AC3: =IF(申込書!$AU$5="○（取消し）","",IF(申込書!O34<>"",申込書!O34,"")) | AD3: =IF(申込書!$AU$5="○（取消し）","",IF(申込書!S34<>"",申込書!S34,"")) | AE3: =IF(申込書!$AU$5="○（取消し）","",IF(申込書!Z34<>"",申込書!Z34,"")) | AF3: =IF(申込書!$AU$5="○（取消し）","",IF(申込書!AG34<>"",申込書!AG34,"")) | AG3: =IF(申込書!$AU$5="○（取消し）","",IF(申込書!BF82<>"",申込書!BF82,"")) | AH3: =IF(申込書!$AU$5="○（取消し）","",IF(OR(申込書!C34="共済対象外施設・機械の再建・修繕",申込書!C34="農業専用トラック"),申込書!$B$123,"")) | AI3: =IF(申込書!$AU$5="○（取消し）","",IF(申込書!AH34<>"",申込書!AH34,"")) | AJ3: =IF(申込書!$AU$5="○（取消し）","",IF(申込書!AI34<>"",申込書!AI34,"")) | AK3: =IF(申込書!$AU$5="○（取消し）","",IF(申込書!J50<>"",申込書!J50,"")) | AL3: =IF(申込書!$AU$5="○（取消し）","",IF(申込書!M50<>"",申込書!M50,"")) | AM3: =IF(申込書!$AU$5="○（取消し）","",IF(申込書!W66<>"",申込書!W66,"")) | AN3: =IF(申込書!$AU$5="○（取消し）","",IF(申込書!R82<>"",申込書!R82,"")) | AO3: =IF(申込書!$AU$5="○（取消し）","",IF(申込書!AK82<>"",申込書!AK82,"")) | AP3: =IF(申込書!$AU$5="○（取消し）","",IF(申込書!BC82<>"",申込書!BC82,"")) | AQ3: =IF(申込書!$AU$5="○（取消し）","",IF(申込書!AS82<>"",申込書!AS82,"")) | AR3: =IF(申込書!$AU$5="○（取消し）","",IF(申込書!Y82<>"",申込書!Y82,"")) | AS3: =IF(申込書!$AU$5="○（取消し）","",IF(申込書!AB82<>"",申込書!AB82,"")) | AT3: =IF(申込書!$AU$5="○（取消し）","",IF(申込書!AE82<>"",申込書!AE82,"")) | AU3: =IF(申込書!$AU$5="○（取消し）","",IF(申込書!AH82<>"",申込書!AH82,"")) | AV3: =IF(申込書!$AU$5="○（取消し）","",IF(申込書!AQ82<>"",申込書!AQ82,"")) | AW3: =IF(申込書!$AU$5="○（取消し）","",IF(Y3<>"",申込書!$B$124,"")) | AX3: =IF(申込書!$AU$5="○（取消し）","",IF(Y3<>"",申込書!$AA$26,"")) | AY3: =IF(申込書!$AU$5="○（取消し）","",IF(申込書!P50<>"",申込書!P50,"")) | AZ3: =IF(申込書!$AU$5="○（取消し）","",IF(申込書!R50<>"",申込書!R50,"")) | BA3: =IF(申込書!$AU$5="○（取消し）","",IF(申込書!AY82<>"",申込書!AY82,"")) | BB3: =IF(申込書!$AU$5="○（取消し）","",IF(申込書!AZ82<>"",申込書!AZ82,"")) | BC3: =IF(申込書!$AU$5="○（取消し）","",IF(申込書!BA82<>"",申込書!BA82,"")) | BD3: =IF(申込書!$AU$5="○（取消し）","",IF(申込書!AX82<>"",申込書!AX82,"")) | BE3: =IF(申込書!$AU$5="○（取消し）","",IF(Y3<>"",申込書!$D$113,"")) | BF3: =IF(申込書!$AU$5="○（取消し）","",IF(申込書!U50<>"",申込書!U50,"")) | BG3: =IF(申込書!$AU$5="○（取消し）","",IF(申込書!V50<>"",申込書!V50,"")) | BH3: =IF(申込書!$AU$5="○（取消し）","",IF(申込書!AB50<>"",申込書!AB50,"")) | BI3: =IF(申込書!$AU$5="○（取消し）","",IF(申込書!AF50<>"",申込書!AF50,"")) | BJ3: =IF(申込書!$AU$5="○（取消し）","",IF(申込書!M66<>"",申込書!M66,"")) | BK3: =IF(申込書!$AU$5="○（取消し）","",IF(申込書!AO34<>"",申込書!AO34,"")) | BL3: =IF(申込書!$AU$5="○（取消し）","",IF(申込書!AR34<>"",申込書!AR34,"")) | BM3: =IF(申込書!$AU$5="○（取消し）","",IF(申込書!AT34<>"",申込書!AT34,"")) | BN3: =IF(申込書!$AU$5="○（取消し）","",IF(申込書!J34<>"",申込書!J34,"")) | BO3: =IF(申込書!$AU$5="○（取消し）","",IF(申込書!L34<>"",申込書!L34,"")) | BP3: =IF(申込書!$AU$5="○（取消し）","",IF(申込書!M34<>"",申込書!M34,"")) | BQ3: =IF(申込書!$AU$5="○（取消し）","",IF(OR(BN3="借受け",BN3="貸付け"),申込書!$AF$6,"")) | BR3: =IF(申込書!$AU$5="○（取消し）","",IF(申込書!N34<>"",申込書!N34,"")) | BS3: =IF(申込書!$AU$5="○（取消し）","",IF(申込書!AO66<>"",申込書!AO66,"")) | BT3: =IF(申込書!$AU$5="○（取消し）","",IF(申込書!AP66<>"",申込書!AP66,"")) | BU3: =IF(申込書!$AU$5="○（取消し）","",IF(申込書!AD66<>"",申込書!AD66,"")) | BV3: =IF(申込書!$AU$5="○（取消し）","",IF(申込書!AE66<>"",申込書!AE66,""))
Y4: =IF(申込書!$AU$5="○（取消し）","",IF(申込書!B35<>"",申込書!B35,"")) | Z4: =IF(申込書!$AU$5="○（取消し）","",IF(OR(Y4="",申込書!$E$6="",申込書!$F$4="",申込書!$N$5=""),"",申込書!$E$6&"_"&申込書!$F$4&"_"&申込書!$N$5)) | AA4: =IF(申込書!$AU$5="○（取消し）","",IF(申込書!C35<>"",申込書!C35,"")) | AB4: =IF(申込書!$AU$5="○（取消し）","",IF(申込書!E35<>"",申込書!E35,"")) | AC4: =IF(申込書!$AU$5="○（取消し）","",IF(申込書!O35<>"",申込書!O35,"")) | AD4: =IF(申込書!$AU$5="○（取消し）","",IF(申込書!S35<>"",申込書!S35,"")) | AE4: =IF(申込書!$AU$5="○（取消し）","",IF(申込書!Z35<>"",申込書!Z35,"")) | AF4: =IF(申込書!$AU$5="○（取消し）","",IF(申込書!AG35<>"",申込書!AG35,"")) | AG4: =IF(申込書!$AU$5="○（取消し）","",IF(申込書!BF83<>"",申込書!BF83,"")) | AH4: =IF(申込書!$AU$5="○（取消し）","",IF(OR(申込書!C35="共済対象外施設・機械の再建・修繕",申込書!C35="農業専用トラック"),申込書!$B$123,"")) | AI4: =IF(申込書!$AU$5="○（取消し）","",IF(申込書!AH35<>"",申込書!AH35,"")) | AJ4: =IF(申込書!$AU$5="○（取消し）","",IF(申込書!AI35<>"",申込書!AI35,"")) | AK4: =IF(申込書!$AU$5="○（取消し）","",IF(申込書!J51<>"",申込書!J51,"")) | AL4: =IF(申込書!$AU$5="○（取消し）","",IF(申込書!M51<>"",申込書!M51,"")) | AM4: =IF(申込書!$AU$5="○（取消し）","",IF(申込書!W67<>"",申込書!W67,"")) | AN4: =IF(申込書!$AU$5="○（取消し）","",IF(申込書!R83<>"",申込書!R83,"")) | AO4: =IF(申込書!$AU$5="○（取消し）","",IF(申込書!AK83<>"",申込書!AK83,"")) | AP4: =IF(申込書!$AU$5="○（取消し）","",IF(申込書!BC83<>"",申込書!BC83,"")) | AQ4: =IF(申込書!$AU$5="○（取消し）","",IF(申込書!AS83<>"",申込書!AS83,"")) | AR4: =IF(申込書!$AU$5="○（取消し）","",IF(申込書!Y83<>"",申込書!Y83,"")) | AS4: =IF(申込書!$AU$5="○（取消し）","",IF(申込書!AB83<>"",申込書!AB83,"")) | AT4: =IF(申込書!$AU$5="○（取消し）","",IF(申込書!AE83<>"",申込書!AE83,"")) | AU4: =IF(申込書!$AU$5="○（取消し）","",IF(申込書!AH83<>"",申込書!AH83,"")) | AV4: =IF(申込書!$AU$5="○（取消し）","",IF(申込書!AQ83<>"",申込書!AQ83,"")) | AW4: =IF(申込書!$AU$5="○（取消し）","",IF(Y4<>"",申込書!$B$124,"")) | AX4: =IF(申込書!$AU$5="○（取消し）","",IF(Y4<>"",申込書!$AA$26,"")) | AY4: =IF(申込書!$AU$5="○（取消し）","",IF(申込書!P51<>"",申込書!P51,"")) | AZ4: =IF(申込書!$AU$5="○（取消し）","",IF(申込書!R51<>"",申込書!R51,"")) | BA4: =IF(申込書!$AU$5="○（取消し）","",IF(申込書!AY83<>"",申込書!AY83,"")) | BB4: =IF(申込書!$AU$5="○（取消し）","",IF(申込書!AZ83<>"",申込書!AZ83,"")) | BC4: =IF(申込書!$AU$5="○（取消し）","",IF(申込書!BA83<>"",申込書!BA83,"")) | BD4: =IF(申込書!$AU$5="○（取消し）","",IF(申込書!AX83<>"",申込書!AX83,"")) | BE4: =IF(申込書!$AU$5="○（取消し）","",IF(Y4<>"",申込書!$D$113,"")) | BF4: =IF(申込書!$AU$5="○（取消し）","",IF(申込書!U51<>"",申込書!U51,"")) | BG4: =IF(申込書!$AU$5="○（取消し）","",IF(申込書!V51<>"",申込書!V51,"")) | BH4: =IF(申込書!$AU$5="○（取消し）","",IF(申込書!AB51<>"",申込書!AB51,"")) | BI4: =IF(申込書!$AU$5="○（取消し）","",IF(申込書!AF51<>"",申込書!AF51,"")) | BJ4: =IF(申込書!$AU$5="○（取消し）","",IF(申込書!M67<>"",申込書!M67,"")) | BK4: =IF(申込書!$AU$5="○（取消し）","",IF(申込書!AO35<>"",申込書!AO35,"")) | BL4: =IF(申込書!$AU$5="○（取消し）","",IF(申込書!AR35<>"",申込書!AR35,"")) | BM4: =IF(申込書!$AU$5="○（取消し）","",IF(申込書!AT35<>"",申込書!AT35,"")) | BN4: =IF(申込書!$AU$5="○（取消し）","",IF(申込書!J35<>"",申込書!J35,"")) | BO4: =IF(申込書!$AU$5="○（取消し）","",IF(申込書!L35<>"",申込書!L35,"")) | BP4: =IF(申込書!$AU$5="○（取消し）","",IF(申込書!M35<>"",申込書!M35,"")) | BQ4: =IF(申込書!$AU$5="○（取消し）","",IF(OR(BN4="借受け",BN4="貸付け"),申込書!$AF$6,"")) | BR4: =IF(申込書!$AU$5="○（取消し）","",IF(申込書!N35<>"",申込書!N35,"")) | BS4: =IF(申込書!$AU$5="○（取消し）","",IF(申込書!AO67<>"",申込書!AO67,"")) | BT4: =IF(申込書!$AU$5="○（取消し）","",IF(申込書!AP67<>"",申込書!AP67,"")) | BU4: =IF(申込書!$AU$5="○（取消し）","",IF(申込書!AD67<>"",申込書!AD67,"")) | BV4: =IF(申込書!$AU$5="○（取消し）","",IF(申込書!AE67<>"",申込書!AE67,""))
Y5: =IF(申込書!$AU$5="○（取消し）","",IF(申込書!B36<>"",申込書!B36,"")) | Z5: =IF(申込書!$AU$5="○（取消し）","",IF(OR(Y5="",申込書!$E$6="",申込書!$F$4="",申込書!$N$5=""),"",申込書!$E$6&"_"&申込書!$F$4&"_"&申込書!$N$5)) | AA5: =IF(申込書!$AU$5="○（取消し）","",IF(申込書!C36<>"",申込書!C36,"")) | AB5: =IF(申込書!$AU$5="○（取消し）","",IF(申込書!E36<>"",申込書!E36,"")) | AC5: =IF(申込書!$AU$5="○（取消し）","",IF(申込書!O36<>"",申込書!O36,"")) | AD5: =IF(申込書!$AU$5="○（取消し）","",IF(申込書!S36<>"",申込書!S36,"")) | AE5: =IF(申込書!$AU$5="○（取消し）","",IF(申込書!Z36<>"",申込書!Z36,"")) | AF5: =IF(申込書!$AU$5="○（取消し）","",IF(申込書!AG36<>"",申込書!AG36,"")) | AG5: =IF(申込書!$AU$5="○（取消し）","",IF(申込書!BF84<>"",申込書!BF84,"")) | AH5: =IF(申込書!$AU$5="○（取消し）","",IF(OR(申込書!C36="共済対象外施設・機械の再建・修繕",申込書!C36="農業専用トラック"),申込書!$B$123,"")) | AI5: =IF(申込書!$AU$5="○（取消し）","",IF(申込書!AH36<>"",申込書!AH36,"")) | AJ5: =IF(申込書!$AU$5="○（取消し）","",IF(申込書!AI36<>"",申込書!AI36,"")) | AK5: =IF(申込書!$AU$5="○（取消し）","",IF(申込書!J52<>"",申込書!J52,"")) | AL5: =IF(申込書!$AU$5="○（取消し）","",IF(申込書!M52<>"",申込書!M52,"")) | AM5: =IF(申込書!$AU$5="○（取消し）","",IF(申込書!W68<>"",申込書!W68,"")) | AN5: =IF(申込書!$AU$5="○（取消し）","",IF(申込書!R84<>"",申込書!R84,"")) | AO5: =IF(申込書!$AU$5="○（取消し）","",IF(申込書!AK84<>"",申込書!AK84,"")) | AP5: =IF(申込書!$AU$5="○（取消し）","",IF(申込書!BC84<>"",申込書!BC84,"")) | AQ5: =IF(申込書!$AU$5="○（取消し）","",IF(申込書!AS84<>"",申込書!AS84,"")) | AR5: =IF(申込書!$AU$5="○（取消し）","",IF(申込書!Y84<>"",申込書!Y84,"")) | AS5: =IF(申込書!$AU$5="○（取消し）","",IF(申込書!AB84<>"",申込書!AB84,"")) | AT5: =IF(申込書!$AU$5="○（取消し）","",IF(申込書!AE84<>"",申込書!AE84,"")) | AU5: =IF(申込書!$AU$5="○（取消し）","",IF(申込書!AH84<>"",申込書!AH84,"")) | AV5: =IF(申込書!$AU$5="○（取消し）","",IF(申込書!AQ84<>"",申込書!AQ84,"")) | AW5: =IF(申込書!$AU$5="○（取消し）","",IF(Y5<>"",申込書!$B$124,"")) | AX5: =IF(申込書!$AU$5="○（取消し）","",IF(Y5<>"",申込書!$AA$26,"")) | AY5: =IF(申込書!$AU$5="○（取消し）","",IF(申込書!P52<>"",申込書!P52,"")) | AZ5: =IF(申込書!$AU$5="○（取消し）","",IF(申込書!R52<>"",申込書!R52,"")) | BA5: =IF(申込書!$AU$5="○（取消し）","",IF(申込書!AY84<>"",申込書!AY84,"")) | BB5: =IF(申込書!$AU$5="○（取消し）","",IF(申込書!AZ84<>"",申込書!AZ84,"")) | BC5: =IF(申込書!$AU$5="○（取消し）","",IF(申込書!BA84<>"",申込書!BA84,"")) | BD5: =IF(申込書!$AU$5="○（取消し）","",IF(申込書!AX84<>"",申込書!AX84,"")) | BE5: =IF(申込書!$AU$5="○（取消し）","",IF(Y5<>"",申込書!$D$113,"")) | BF5: =IF(申込書!$AU$5="○（取消し）","",IF(申込書!U52<>"",申込書!U52,"")) | BG5: =IF(申込書!$AU$5="○（取消し）","",IF(申込書!V52<>"",申込書!V52,"")) | BH5: =IF(申込書!$AU$5="○（取消し）","",IF(申込書!AB52<>"",申込書!AB52,"")) | BI5: =IF(申込書!$AU$5="○（取消し）","",IF(申込書!AF52<>"",申込書!AF52,"")) | BJ5: =IF(申込書!$AU$5="○（取消し）","",IF(申込書!M68<>"",申込書!M68,"")) | BK5: =IF(申込書!$AU$5="○（取消し）","",IF(申込書!AO36<>"",申込書!AO36,"")) | BL5: =IF(申込書!$AU$5="○（取消し）","",IF(申込書!AR36<>"",申込書!AR36,"")) | BM5: =IF(申込書!$AU$5="○（取消し）","",IF(申込書!AT36<>"",申込書!AT36,"")) | BN5: =IF(申込書!$AU$5="○（取消し）","",IF(申込書!J36<>"",申込書!J36,"")) | BO5: =IF(申込書!$AU$5="○（取消し）","",IF(申込書!L36<>"",申込書!L36,"")) | BP5: =IF(申込書!$AU$5="○（取消し）","",IF(申込書!M36<>"",申込書!M36,"")) | BQ5: =IF(申込書!$AU$5="○（取消し）","",IF(OR(BN5="借受け",BN5="貸付け"),申込書!$AF$6,"")) | BR5: =IF(申込書!$AU$5="○（取消し）","",IF(申込書!N36<>"",申込書!N36,"")) | BS5: =IF(申込書!$AU$5="○（取消し）","",IF(申込書!AO68<>"",申込書!AO68,"")) | BT5: =IF(申込書!$AU$5="○（取消し）","",IF(申込書!AP68<>"",申込書!AP68,"")) | BU5: =IF(申込書!$AU$5="○（取消し）","",IF(申込書!AD68<>"",申込書!AD68,"")) | BV5: =IF(申込書!$AU$5="○（取消し）","",IF(申込書!AE68<>"",申込書!AE68,""))
Y6: =IF(申込書!$AU$5="○（取消し）","",IF(申込書!B37<>"",申込書!B37,"")) | Z6: =IF(申込書!$AU$5="○（取消し）","",IF(OR(Y6="",申込書!$E$6="",申込書!$F$4="",申込書!$N$5=""),"",申込書!$E$6&"_"&申込書!$F$4&"_"&申込書!$N$5)) | AA6: =IF(申込書!$AU$5="○（取消し）","",IF(申込書!C37<>"",申込書!C37,"")) | AB6: =IF(申込書!$AU$5="○（取消し）","",IF(申込書!E37<>"",申込書!E37,"")) | AC6: =IF(申込書!$AU$5="○（取消し）","",IF(申込書!O37<>"",申込書!O37,"")) | AD6: =IF(申込書!$AU$5="○（取消し）","",IF(申込書!S37<>"",申込書!S37,"")) | AE6: =IF(申込書!$AU$5="○（取消し）","",IF(申込書!Z37<>"",申込書!Z37,"")) | AF6: =IF(申込書!$AU$5="○（取消し）","",IF(申込書!AG37<>"",申込書!AG37,"")) | AG6: =IF(申込書!$AU$5="○（取消し）","",IF(申込書!BF85<>"",申込書!BF85,"")) | AH6: =IF(申込書!$AU$5="○（取消し）","",IF(OR(申込書!C37="共済対象外施設・機械の再建・修繕",申込書!C37="農業専用トラック"),申込書!$B$123,"")) | AI6: =IF(申込書!$AU$5="○（取消し）","",IF(申込書!AH37<>"",申込書!AH37,"")) | AJ6: =IF(申込書!$AU$5="○（取消し）","",IF(申込書!AI37<>"",申込書!AI37,"")) | AK6: =IF(申込書!$AU$5="○（取消し）","",IF(申込書!J53<>"",申込書!J53,"")) | AL6: =IF(申込書!$AU$5="○（取消し）","",IF(申込書!M53<>"",申込書!M53,"")) | AM6: =IF(申込書!$AU$5="○（取消し）","",IF(申込書!W69<>"",申込書!W69,"")) | AN6: =IF(申込書!$AU$5="○（取消し）","",IF(申込書!R85<>"",申込書!R85,"")) | AO6: =IF(申込書!$AU$5="○（取消し）","",IF(申込書!AK85<>"",申込書!AK85,"")) | AP6: =IF(申込書!$AU$5="○（取消し）","",IF(申込書!BC85<>"",申込書!BC85,"")) | AQ6: =IF(申込書!$AU$5="○（取消し）","",IF(申込書!AS85<>"",申込書!AS85,"")) | AR6: =IF(申込書!$AU$5="○（取消し）","",IF(申込書!Y85<>"",申込書!Y85,"")) | AS6: =IF(申込書!$AU$5="○（取消し）","",IF(申込書!AB85<>"",申込書!AB85,"")) | AT6: =IF(申込書!$AU$5="○（取消し）","",IF(申込書!AE85<>"",申込書!AE85,"")) | AU6: =IF(申込書!$AU$5="○（取消し）","",IF(申込書!AH85<>"",申込書!AH85,"")) | AV6: =IF(申込書!$AU$5="○（取消し）","",IF(申込書!AQ85<>"",申込書!AQ85,"")) | AW6: =IF(申込書!$AU$5="○（取消し）","",IF(Y6<>"",申込書!$B$124,"")) | AX6: =IF(申込書!$AU$5="○（取消し）","",IF(Y6<>"",申込書!$AA$26,"")) | AY6: =IF(申込書!$AU$5="○（取消し）","",IF(申込書!P53<>"",申込書!P53,"")) | AZ6: =IF(申込書!$AU$5="○（取消し）","",IF(申込書!R53<>"",申込書!R53,"")) | BA6: =IF(申込書!$AU$5="○（取消し）","",IF(申込書!AY85<>"",申込書!AY85,"")) | BB6: =IF(申込書!$AU$5="○（取消し）","",IF(申込書!AZ85<>"",申込書!AZ85,"")) | BC6: =IF(申込書!$AU$5="○（取消し）","",IF(申込書!BA85<>"",申込書!BA85,"")) | BD6: =IF(申込書!$AU$5="○（取消し）","",IF(申込書!AX85<>"",申込書!AX85,"")) | BE6: =IF(申込書!$AU$5="○（取消し）","",IF(Y6<>"",申込書!$D$113,"")) | BF6: =IF(申込書!$AU$5="○（取消し）","",IF(申込書!U53<>"",申込書!U53,"")) | BG6: =IF(申込書!$AU$5="○（取消し）","",IF(申込書!V53<>"",申込書!V53,"")) | BH6: =IF(申込書!$AU$5="○（取消し）","",IF(申込書!AB53<>"",申込書!AB53,"")) | BI6: =IF(申込書!$AU$5="○（取消し）","",IF(申込書!AF53<>"",申込書!AF53,"")) | BJ6: =IF(申込書!$AU$5="○（取消し）","",IF(申込書!M69<>"",申込書!M69,"")) | BK6: =IF(申込書!$AU$5="○（取消し）","",IF(申込書!AO37<>"",申込書!AO37,"")) | BL6: =IF(申込書!$AU$5="○（取消し）","",IF(申込書!AR37<>"",申込書!AR37,"")) | BM6: =IF(申込書!$AU$5="○（取消し）","",IF(申込書!AT37<>"",申込書!AT37,"")) | BN6: =IF(申込書!$AU$5="○（取消し）","",IF(申込書!J37<>"",申込書!J37,"")) | BO6: =IF(申込書!$AU$5="○（取消し）","",IF(申込書!L37<>"",申込書!L37,"")) | BP6: =IF(申込書!$AU$5="○（取消し）","",IF(申込書!M37<>"",申込書!M37,"")) | BQ6: =IF(申込書!$AU$5="○（取消し）","",IF(OR(BN6="借受け",BN6="貸付け"),申込書!$AF$6,"")) | BR6: =IF(申込書!$AU$5="○（取消し）","",IF(申込書!N37<>"",申込書!N37,"")) | BS6: =IF(申込書!$AU$5="○（取消し）","",IF(申込書!AO69<>"",申込書!AO69,"")) | BT6: =IF(申込書!$AU$5="○（取消し）","",IF(申込書!AP69<>"",申込書!AP69,"")) | BU6: =IF(申込書!$AU$5="○（取消し）","",IF(申込書!AD69<>"",申込書!AD69,"")) | BV6: =IF(申込書!$AU$5="○（取消し）","",IF(申込書!AE69<>"",申込書!AE69,""))
Y7: =IF(申込書!$AU$5="○（取消し）","",IF(申込書!B38<>"",申込書!B38,"")) | Z7: =IF(申込書!$AU$5="○（取消し）","",IF(OR(Y7="",申込書!$E$6="",申込書!$F$4="",申込書!$N$5=""),"",申込書!$E$6&"_"&申込書!$F$4&"_"&申込書!$N$5)) | AA7: =IF(申込書!$AU$5="○（取消し）","",IF(申込書!C38<>"",申込書!C38,"")) | AB7: =IF(申込書!$AU$5="○（取消し）","",IF(申込書!E38<>"",申込書!E38,"")) | AC7: =IF(申込書!$AU$5="○（取消し）","",IF(申込書!O38<>"",申込書!O38,"")) | AD7: =IF(申込書!$AU$5="○（取消し）","",IF(申込書!S38<>"",申込書!S38,"")) | AE7: =IF(申込書!$AU$5="○（取消し）","",IF(申込書!Z38<>"",申込書!Z38,"")) | AF7: =IF(申込書!$AU$5="○（取消し）","",IF(申込書!AG38<>"",申込書!AG38,"")) | AG7: =IF(申込書!$AU$5="○（取消し）","",IF(申込書!BF86<>"",申込書!BF86,"")) | AH7: =IF(申込書!$AU$5="○（取消し）","",IF(OR(申込書!C38="共済対象外施設・機械の再建・修繕",申込書!C38="農業専用トラック"),申込書!$B$123,"")) | AI7: =IF(申込書!$AU$5="○（取消し）","",IF(申込書!AH38<>"",申込書!AH38,"")) | AJ7: =IF(申込書!$AU$5="○（取消し）","",IF(申込書!AI38<>"",申込書!AI38,"")) | AK7: =IF(申込書!$AU$5="○（取消し）","",IF(申込書!J54<>"",申込書!J54,"")) | AL7: =IF(申込書!$AU$5="○（取消し）","",IF(申込書!M54<>"",申込書!M54,"")) | AM7: =IF(申込書!$AU$5="○（取消し）","",IF(申込書!W70<>"",申込書!W70,"")) | AN7: =IF(申込書!$AU$5="○（取消し）","",IF(申込書!R86<>"",申込書!R86,"")) | AO7: =IF(申込書!$AU$5="○（取消し）","",IF(申込書!AK86<>"",申込書!AK86,"")) | AP7: =IF(申込書!$AU$5="○（取消し）","",IF(申込書!BC86<>"",申込書!BC86,"")) | AQ7: =IF(申込書!$AU$5="○（取消し）","",IF(申込書!AS86<>"",申込書!AS86,"")) | AR7: =IF(申込書!$AU$5="○（取消し）","",IF(申込書!Y86<>"",申込書!Y86,"")) | AS7: =IF(申込書!$AU$5="○（取消し）","",IF(申込書!AB86<>"",申込書!AB86,"")) | AT7: =IF(申込書!$AU$5="○（取消し）","",IF(申込書!AE86<>"",申込書!AE86,"")) | AU7: =IF(申込書!$AU$5="○（取消し）","",IF(申込書!AH86<>"",申込書!AH86,"")) | AV7: =IF(申込書!$AU$5="○（取消し）","",IF(申込書!AQ86<>"",申込書!AQ86,"")) | AW7: =IF(申込書!$AU$5="○（取消し）","",IF(Y7<>"",申込書!$B$124,"")) | AX7: =IF(申込書!$AU$5="○（取消し）","",IF(Y7<>"",申込書!$AA$26,"")) | AY7: =IF(申込書!$AU$5="○（取消し）","",IF(申込書!P54<>"",申込書!P54,"")) | AZ7: =IF(申込書!$AU$5="○（取消し）","",IF(申込書!R54<>"",申込書!R54,"")) | BA7: =IF(申込書!$AU$5="○（取消し）","",IF(申込書!AY86<>"",申込書!AY86,"")) | BB7: =IF(申込書!$AU$5="○（取消し）","",IF(申込書!AZ86<>"",申込書!AZ86,"")) | BC7: =IF(申込書!$AU$5="○（取消し）","",IF(申込書!BA86<>"",申込書!BA86,"")) | BD7: =IF(申込書!$AU$5="○（取消し）","",IF(申込書!AX86<>"",申込書!AX86,"")) | BE7: =IF(申込書!$AU$5="○（取消し）","",IF(Y7<>"",申込書!$D$113,"")) | BF7: =IF(申込書!$AU$5="○（取消し）","",IF(申込書!U54<>"",申込書!U54,"")) | BG7: =IF(申込書!$AU$5="○（取消し）","",IF(申込書!V54<>"",申込書!V54,"")) | BH7: =IF(申込書!$AU$5="○（取消し）","",IF(申込書!AB54<>"",申込書!AB54,"")) | BI7: =IF(申込書!$AU$5="○（取消し）","",IF(申込書!AF54<>"",申込書!AF54,"")) | BJ7: =IF(申込書!$AU$5="○（取消し）","",IF(申込書!M70<>"",申込書!M70,"")) | BK7: =IF(申込書!$AU$5="○（取消し）","",IF(申込書!AO38<>"",申込書!AO38,"")) | BL7: =IF(申込書!$AU$5="○（取消し）","",IF(申込書!AR38<>"",申込書!AR38,"")) | BM7: =IF(申込書!$AU$5="○（取消し）","",IF(申込書!AT38<>"",申込書!AT38,"")) | BN7: =IF(申込書!$AU$5="○（取消し）","",IF(申込書!J38<>"",申込書!J38,"")) | BO7: =IF(申込書!$AU$5="○（取消し）","",IF(申込書!L38<>"",申込書!L38,"")) | BP7: =IF(申込書!$AU$5="○（取消し）","",IF(申込書!M38<>"",申込書!M38,"")) | BQ7: =IF(申込書!$AU$5="○（取消し）","",IF(OR(BN7="借受け",BN7="貸付け"),申込書!$AF$6,"")) | BR7: =IF(申込書!$AU$5="○（取消し）","",IF(申込書!N38<>"",申込書!N38,"")) | BS7: =IF(申込書!$AU$5="○（取消し）","",IF(申込書!AO70<>"",申込書!AO70,"")) | BT7: =IF(申込書!$AU$5="○（取消し）","",IF(申込書!AP70<>"",申込書!AP70,"")) | BU7: =IF(申込書!$AU$5="○（取消し）","",IF(申込書!AD70<>"",申込書!AD70,"")) | BV7: =IF(申込書!$AU$5="○（取消し）","",IF(申込書!AE70<>"",申込書!AE70,""))
Y8: =IF(申込書!$AU$5="○（取消し）","",IF(申込書!B39<>"",申込書!B39,"")) | Z8: =IF(申込書!$AU$5="○（取消し）","",IF(OR(Y8="",申込書!$E$6="",申込書!$F$4="",申込書!$N$5=""),"",申込書!$E$6&"_"&申込書!$F$4&"_"&申込書!$N$5)) | AA8: =IF(申込書!$AU$5="○（取消し）","",IF(申込書!C39<>"",申込書!C39,"")) | AB8: =IF(申込書!$AU$5="○（取消し）","",IF(申込書!E39<>"",申込書!E39,"")) | AC8: =IF(申込書!$AU$5="○（取消し）","",IF(申込書!O39<>"",申込書!O39,"")) | AD8: =IF(申込書!$AU$5="○（取消し）","",IF(申込書!S39<>"",申込書!S39,"")) | AE8: =IF(申込書!$AU$5="○（取消し）","",IF(申込書!Z39<>"",申込書!Z39,"")) | AF8: =IF(申込書!$AU$5="○（取消し）","",IF(申込書!AG39<>"",申込書!AG39,"")) | AG8: =IF(申込書!$AU$5="○（取消し）","",IF(申込書!BF87<>"",申込書!BF87,"")) | AH8: =IF(申込書!$AU$5="○（取消し）","",IF(OR(申込書!C39="共済対象外施設・機械の再建・修繕",申込書!C39="農業専用トラック"),申込書!$B$123,"")) | AI8: =IF(申込書!$AU$5="○（取消し）","",IF(申込書!AH39<>"",申込書!AH39,"")) | AJ8: =IF(申込書!$AU$5="○（取消し）","",IF(申込書!AI39<>"",申込書!AI39,"")) | AK8: =IF(申込書!$AU$5="○（取消し）","",IF(申込書!J55<>"",申込書!J55,"")) | AL8: =IF(申込書!$AU$5="○（取消し）","",IF(申込書!M55<>"",申込書!M55,"")) | AM8: =IF(申込書!$AU$5="○（取消し）","",IF(申込書!W71<>"",申込書!W71,"")) | AN8: =IF(申込書!$AU$5="○（取消し）","",IF(申込書!R87<>"",申込書!R87,"")) | AO8: =IF(申込書!$AU$5="○（取消し）","",IF(申込書!AK87<>"",申込書!AK87,"")) | AP8: =IF(申込書!$AU$5="○（取消し）","",IF(申込書!BC87<>"",申込書!BC87,"")) | AQ8: =IF(申込書!$AU$5="○（取消し）","",IF(申込書!AS87<>"",申込書!AS87,"")) | AR8: =IF(申込書!$AU$5="○（取消し）","",IF(申込書!Y87<>"",申込書!Y87,"")) | AS8: =IF(申込書!$AU$5="○（取消し）","",IF(申込書!AB87<>"",申込書!AB87,"")) | AT8: =IF(申込書!$AU$5="○（取消し）","",IF(申込書!AE87<>"",申込書!AE87,"")) | AU8: =IF(申込書!$AU$5="○（取消し）","",IF(申込書!AH87<>"",申込書!AH87,"")) | AV8: =IF(申込書!$AU$5="○（取消し）","",IF(申込書!AQ87<>"",申込書!AQ87,"")) | AW8: =IF(申込書!$AU$5="○（取消し）","",IF(Y8<>"",申込書!$B$124,"")) | AX8: =IF(申込書!$AU$5="○（取消し）","",IF(Y8<>"",申込書!$AA$26,"")) | AY8: =IF(申込書!$AU$5="○（取消し）","",IF(申込書!P55<>"",申込書!P55,"")) | AZ8: =IF(申込書!$AU$5="○（取消し）","",IF(申込書!R55<>"",申込書!R55,"")) | BA8: =IF(申込書!$AU$5="○（取消し）","",IF(申込書!AY87<>"",申込書!AY87,"")) | BB8: =IF(申込書!$AU$5="○（取消し）","",IF(申込書!AZ87<>"",申込書!AZ87,"")) | BC8: =IF(申込書!$AU$5="○（取消し）","",IF(申込書!BA87<>"",申込書!BA87,"")) | BD8: =IF(申込書!$AU$5="○（取消し）","",IF(申込書!AX87<>"",申込書!AX87,"")) | BE8: =IF(申込書!$AU$5="○（取消し）","",IF(Y8<>"",申込書!$D$113,"")) | BF8: =IF(申込書!$AU$5="○（取消し）","",IF(申込書!U55<>"",申込書!U55,"")) | BG8: =IF(申込書!$AU$5="○（取消し）","",IF(申込書!V55<>"",申込書!V55,"")) | BH8: =IF(申込書!$AU$5="○（取消し）","",IF(申込書!AB55<>"",申込書!AB55,"")) | BI8: =IF(申込書!$AU$5="○（取消し）","",IF(申込書!AF55<>"",申込書!AF55,"")) | BJ8: =IF(申込書!$AU$5="○（取消し）","",IF(申込書!M71<>"",申込書!M71,"")) | BK8: =IF(申込書!$AU$5="○（取消し）","",IF(申込書!AO39<>"",申込書!AO39,"")) | BL8: =IF(申込書!$AU$5="○（取消し）","",IF(申込書!AR39<>"",申込書!AR39,"")) | BM8: =IF(申込書!$AU$5="○（取消し）","",IF(申込書!AT39<>"",申込書!AT39,"")) | BN8: =IF(申込書!$AU$5="○（取消し）","",IF(申込書!J39<>"",申込書!J39,"")) | BO8: =IF(申込書!$AU$5="○（取消し）","",IF(申込書!L39<>"",申込書!L39,"")) | BP8: =IF(申込書!$AU$5="○（取消し）","",IF(申込書!M39<>"",申込書!M39,"")) | BQ8: =IF(申込書!$AU$5="○（取消し）","",IF(OR(BN8="借受け",BN8="貸付け"),申込書!$AF$6,"")) | BR8: =IF(申込書!$AU$5="○（取消し）","",IF(申込書!N39<>"",申込書!N39,"")) | BS8: =IF(申込書!$AU$5="○（取消し）","",IF(申込書!AO71<>"",申込書!AO71,"")) | BT8: =IF(申込書!$AU$5="○（取消し）","",IF(申込書!AP71<>"",申込書!AP71,"")) | BU8: =IF(申込書!$AU$5="○（取消し）","",IF(申込書!AD71<>"",申込書!AD71,"")) | BV8: =IF(申込書!$AU$5="○（取消し）","",IF(申込書!AE71<>"",申込書!AE71,""))
Y9: =IF(申込書!$AU$5="○（取消し）","",IF(申込書!B40<>"",申込書!B40,"")) | Z9: =IF(申込書!$AU$5="○（取消し）","",IF(OR(Y9="",申込書!$E$6="",申込書!$F$4="",申込書!$N$5=""),"",申込書!$E$6&"_"&申込書!$F$4&"_"&申込書!$N$5)) | AA9: =IF(申込書!$AU$5="○（取消し）","",IF(申込書!C40<>"",申込書!C40,"")) | AB9: =IF(申込書!$AU$5="○（取消し）","",IF(申込書!E40<>"",申込書!E40,"")) | AC9: =IF(申込書!$AU$5="○（取消し）","",IF(申込書!O40<>"",申込書!O40,"")) | AD9: =IF(申込書!$AU$5="○（取消し）","",IF(申込書!S40<>"",申込書!S40,"")) | AE9: =IF(申込書!$AU$5="○（取消し）","",IF(申込書!Z40<>"",申込書!Z40,"")) | AF9: =IF(申込書!$AU$5="○（取消し）","",IF(申込書!AG40<>"",申込書!AG40,"")) | AG9: =IF(申込書!$AU$5="○（取消し）","",IF(申込書!BF88<>"",申込書!BF88,"")) | AH9: =IF(申込書!$AU$5="○（取消し）","",IF(OR(申込書!C40="共済対象外施設・機械の再建・修繕",申込書!C40="農業専用トラック"),申込書!$B$123,"")) | AI9: =IF(申込書!$AU$5="○（取消し）","",IF(申込書!AH40<>"",申込書!AH40,"")) | AJ9: =IF(申込書!$AU$5="○（取消し）","",IF(申込書!AI40<>"",申込書!AI40,"")) | AK9: =IF(申込書!$AU$5="○（取消し）","",IF(申込書!J56<>"",申込書!J56,"")) | AL9: =IF(申込書!$AU$5="○（取消し）","",IF(申込書!M56<>"",申込書!M56,"")) | AM9: =IF(申込書!$AU$5="○（取消し）","",IF(申込書!W72<>"",申込書!W72,"")) | AN9: =IF(申込書!$AU$5="○（取消し）","",IF(申込書!R88<>"",申込書!R88,"")) | AO9: =IF(申込書!$AU$5="○（取消し）","",IF(申込書!AK88<>"",申込書!AK88,"")) | AP9: =IF(申込書!$AU$5="○（取消し）","",IF(申込書!BC88<>"",申込書!BC88,"")) | AQ9: =IF(申込書!$AU$5="○（取消し）","",IF(申込書!AS88<>"",申込書!AS88,"")) | AR9: =IF(申込書!$AU$5="○（取消し）","",IF(申込書!Y88<>"",申込書!Y88,"")) | AS9: =IF(申込書!$AU$5="○（取消し）","",IF(申込書!AB88<>"",申込書!AB88,"")) | AT9: =IF(申込書!$AU$5="○（取消し）","",IF(申込書!AE88<>"",申込書!AE88,"")) | AU9: =IF(申込書!$AU$5="○（取消し）","",IF(申込書!AH88<>"",申込書!AH88,"")) | AV9: =IF(申込書!$AU$5="○（取消し）","",IF(申込書!AQ88<>"",申込書!AQ88,"")) | AW9: =IF(申込書!$AU$5="○（取消し）","",IF(Y9<>"",申込書!$B$124,"")) | AX9: =IF(申込書!$AU$5="○（取消し）","",IF(Y9<>"",申込書!$AA$26,"")) | AY9: =IF(申込書!$AU$5="○（取消し）","",IF(申込書!P56<>"",申込書!P56,"")) | AZ9: =IF(申込書!$AU$5="○（取消し）","",IF(申込書!R56<>"",申込書!R56,"")) | BA9: =IF(申込書!$AU$5="○（取消し）","",IF(申込書!AY88<>"",申込書!AY88,"")) | BB9: =IF(申込書!$AU$5="○（取消し）","",IF(申込書!AZ88<>"",申込書!AZ88,"")) | BC9: =IF(申込書!$AU$5="○（取消し）","",IF(申込書!BA88<>"",申込書!BA88,"")) | BD9: =IF(申込書!$AU$5="○（取消し）","",IF(申込書!AX88<>"",申込書!AX88,"")) | BE9: =IF(申込書!$AU$5="○（取消し）","",IF(Y9<>"",申込書!$D$113,"")) | BF9: =IF(申込書!$AU$5="○（取消し）","",IF(申込書!U56<>"",申込書!U56,"")) | BG9: =IF(申込書!$AU$5="○（取消し）","",IF(申込書!V56<>"",申込書!V56,"")) | BH9: =IF(申込書!$AU$5="○（取消し）","",IF(申込書!AB56<>"",申込書!AB56,"")) | BI9: =IF(申込書!$AU$5="○（取消し）","",IF(申込書!AF56<>"",申込書!AF56,"")) | BJ9: =IF(申込書!$AU$5="○（取消し）","",IF(申込書!M72<>"",申込書!M72,"")) | BK9: =IF(申込書!$AU$5="○（取消し）","",IF(申込書!AO40<>"",申込書!AO40,"")) | BL9: =IF(申込書!$AU$5="○（取消し）","",IF(申込書!AR40<>"",申込書!AR40,"")) | BM9: =IF(申込書!$AU$5="○（取消し）","",IF(申込書!AT40<>"",申込書!AT40,"")) | BN9: =IF(申込書!$AU$5="○（取消し）","",IF(申込書!J40<>"",申込書!J40,"")) | BO9: =IF(申込書!$AU$5="○（取消し）","",IF(申込書!L40<>"",申込書!L40,"")) | BP9: =IF(申込書!$AU$5="○（取消し）","",IF(申込書!M40<>"",申込書!M40,"")) | BQ9: =IF(申込書!$AU$5="○（取消し）","",IF(OR(BN9="借受け",BN9="貸付け"),申込書!$AF$6,"")) | BR9: =IF(申込書!$AU$5="○（取消し）","",IF(申込書!N40<>"",申込書!N40,"")) | BS9: =IF(申込書!$AU$5="○（取消し）","",IF(申込書!AO72<>"",申込書!AO72,"")) | BT9: =IF(申込書!$AU$5="○（取消し）","",IF(申込書!AP72<>"",申込書!AP72,"")) | BU9: =IF(申込書!$AU$5="○（取消し）","",IF(申込書!AD72<>"",申込書!AD72,"")) | BV9: =IF(申込書!$AU$5="○（取消し）","",IF(申込書!AE72<>"",申込書!AE72,""))
Y10: =IF(申込書!$AU$5="○（取消し）","",IF(申込書!B41<>"",申込書!B41,"")) | Z10: =IF(申込書!$AU$5="○（取消し）","",IF(OR(Y10="",申込書!$E$6="",申込書!$F$4="",申込書!$N$5=""),"",申込書!$E$6&"_"&申込書!$F$4&"_"&申込書!$N$5)) | AA10: =IF(申込書!$AU$5="○（取消し）","",IF(申込書!C41<>"",申込書!C41,"")) | AB10: =IF(申込書!$AU$5="○（取消し）","",IF(申込書!E41<>"",申込書!E41,"")) | AC10: =IF(申込書!$AU$5="○（取消し）","",IF(申込書!O41<>"",申込書!O41,"")) | AD10: =IF(申込書!$AU$5="○（取消し）","",IF(申込書!S41<>"",申込書!S41,"")) | AE10: =IF(申込書!$AU$5="○（取消し）","",IF(申込書!Z41<>"",申込書!Z41,"")) | AF10: =IF(申込書!$AU$5="○（取消し）","",IF(申込書!AG41<>"",申込書!AG41,"")) | AG10: =IF(申込書!$AU$5="○（取消し）","",IF(申込書!BF89<>"",申込書!BF89,"")) | AH10: =IF(申込書!$AU$5="○（取消し）","",IF(OR(申込書!C41="共済対象外施設・機械の再建・修繕",申込書!C41="農業専用トラック"),申込書!$B$123,"")) | AI10: =IF(申込書!$AU$5="○（取消し）","",IF(申込書!AH41<>"",申込書!AH41,"")) | AJ10: =IF(申込書!$AU$5="○（取消し）","",IF(申込書!AI41<>"",申込書!AI41,"")) | AK10: =IF(申込書!$AU$5="○（取消し）","",IF(申込書!J57<>"",申込書!J57,"")) | AL10: =IF(申込書!$AU$5="○（取消し）","",IF(申込書!M57<>"",申込書!M57,"")) | AM10: =IF(申込書!$AU$5="○（取消し）","",IF(申込書!W73<>"",申込書!W73,"")) | AN10: =IF(申込書!$AU$5="○（取消し）","",IF(申込書!R89<>"",申込書!R89,"")) | AO10: =IF(申込書!$AU$5="○（取消し）","",IF(申込書!AK89<>"",申込書!AK89,"")) | AP10: =IF(申込書!$AU$5="○（取消し）","",IF(申込書!BC89<>"",申込書!BC89,"")) | AQ10: =IF(申込書!$AU$5="○（取消し）","",IF(申込書!AS89<>"",申込書!AS89,"")) | AR10: =IF(申込書!$AU$5="○（取消し）","",IF(申込書!Y89<>"",申込書!Y89,"")) | AS10: =IF(申込書!$AU$5="○（取消し）","",IF(申込書!AB89<>"",申込書!AB89,"")) | AT10: =IF(申込書!$AU$5="○（取消し）","",IF(申込書!AE89<>"",申込書!AE89,"")) | AU10: =IF(申込書!$AU$5="○（取消し）","",IF(申込書!AH89<>"",申込書!AH89,"")) | AV10: =IF(申込書!$AU$5="○（取消し）","",IF(申込書!AQ89<>"",申込書!AQ89,"")) | AW10: =IF(申込書!$AU$5="○（取消し）","",IF(Y10<>"",申込書!$B$124,"")) | AX10: =IF(申込書!$AU$5="○（取消し）","",IF(Y10<>"",申込書!$AA$26,"")) | AY10: =IF(申込書!$AU$5="○（取消し）","",IF(申込書!P57<>"",申込書!P57,"")) | AZ10: =IF(申込書!$AU$5="○（取消し）","",IF(申込書!R57<>"",申込書!R57,"")) | BA10: =IF(申込書!$AU$5="○（取消し）","",IF(申込書!AY89<>"",申込書!AY89,"")) | BB10: =IF(申込書!$AU$5="○（取消し）","",IF(申込書!AZ89<>"",申込書!AZ89,"")) | BC10: =IF(申込書!$AU$5="○（取消し）","",IF(申込書!BA89<>"",申込書!BA89,"")) | BD10: =IF(申込書!$AU$5="○（取消し）","",IF(申込書!AX89<>"",申込書!AX89,"")) | BE10: =IF(申込書!$AU$5="○（取消し）","",IF(Y10<>"",申込書!$D$113,"")) | BF10: =IF(申込書!$AU$5="○（取消し）","",IF(申込書!U57<>"",申込書!U57,"")) | BG10: =IF(申込書!$AU$5="○（取消し）","",IF(申込書!V57<>"",申込書!V57,"")) | BH10: =IF(申込書!$AU$5="○（取消し）","",IF(申込書!AB57<>"",申込書!AB57,"")) | BI10: =IF(申込書!$AU$5="○（取消し）","",IF(申込書!AF57<>"",申込書!AF57,"")) | BJ10: =IF(申込書!$AU$5="○（取消し）","",IF(申込書!M73<>"",申込書!M73,"")) | BK10: =IF(申込書!$AU$5="○（取消し）","",IF(申込書!AO41<>"",申込書!AO41,"")) | BL10: =IF(申込書!$AU$5="○（取消し）","",IF(申込書!AR41<>"",申込書!AR41,"")) | BM10: =IF(申込書!$AU$5="○（取消し）","",IF(申込書!AT41<>"",申込書!AT41,"")) | BN10: =IF(申込書!$AU$5="○（取消し）","",IF(申込書!J41<>"",申込書!J41,"")) | BO10: =IF(申込書!$AU$5="○（取消し）","",IF(申込書!L41<>"",申込書!L41,"")) | BP10: =IF(申込書!$AU$5="○（取消し）","",IF(申込書!M41<>"",申込書!M41,"")) | BQ10: =IF(申込書!$AU$5="○（取消し）","",IF(OR(BN10="借受け",BN10="貸付け"),申込書!$AF$6,"")) | BR10: =IF(申込書!$AU$5="○（取消し）","",IF(申込書!N41<>"",申込書!N41,"")) | BS10: =IF(申込書!$AU$5="○（取消し）","",IF(申込書!AO73<>"",申込書!AO73,"")) | BT10: =IF(申込書!$AU$5="○（取消し）","",IF(申込書!AP73<>"",申込書!AP73,"")) | BU10: =IF(申込書!$AU$5="○（取消し）","",IF(申込書!AD73<>"",申込書!AD73,"")) | BV10: =IF(申込書!$AU$5="○（取消し）","",IF(申込書!AE73<>"",申込書!AE73,""))
Y11: =IF(申込書!$AU$5="○（取消し）","",IF(申込書!B42<>"",申込書!B42,"")) | Z11: =IF(申込書!$AU$5="○（取消し）","",IF(OR(Y11="",申込書!$E$6="",申込書!$F$4="",申込書!$N$5=""),"",申込書!$E$6&"_"&申込書!$F$4&"_"&申込書!$N$5)) | AA11: =IF(申込書!$AU$5="○（取消し）","",IF(申込書!C42<>"",申込書!C42,"")) | AB11: =IF(申込書!$AU$5="○（取消し）","",IF(申込書!E42<>"",申込書!E42,"")) | AC11: =IF(申込書!$AU$5="○（取消し）","",IF(申込書!O42<>"",申込書!O42,"")) | AD11: =IF(申込書!$AU$5="○（取消し）","",IF(申込書!S42<>"",申込書!S42,"")) | AE11: =IF(申込書!$AU$5="○（取消し）","",IF(申込書!Z42<>"",申込書!Z42,"")) | AF11: =IF(申込書!$AU$5="○（取消し）","",IF(申込書!AG42<>"",申込書!AG42,"")) | AG11: =IF(申込書!$AU$5="○（取消し）","",IF(申込書!BF90<>"",申込書!BF90,"")) | AH11: =IF(申込書!$AU$5="○（取消し）","",IF(OR(申込書!C42="共済対象外施設・機械の再建・修繕",申込書!C42="農業専用トラック"),申込書!$B$123,"")) | AI11: =IF(申込書!$AU$5="○（取消し）","",IF(申込書!AH42<>"",申込書!AH42,"")) | AJ11: =IF(申込書!$AU$5="○（取消し）","",IF(申込書!AI42<>"",申込書!AI42,"")) | AK11: =IF(申込書!$AU$5="○（取消し）","",IF(申込書!J58<>"",申込書!J58,"")) | AL11: =IF(申込書!$AU$5="○（取消し）","",IF(申込書!M58<>"",申込書!M58,"")) | AM11: =IF(申込書!$AU$5="○（取消し）","",IF(申込書!W74<>"",申込書!W74,"")) | AN11: =IF(申込書!$AU$5="○（取消し）","",IF(申込書!R90<>"",申込書!R90,"")) | AO11: =IF(申込書!$AU$5="○（取消し）","",IF(申込書!AK90<>"",申込書!AK90,"")) | AP11: =IF(申込書!$AU$5="○（取消し）","",IF(申込書!BC90<>"",申込書!BC90,"")) | AQ11: =IF(申込書!$AU$5="○（取消し）","",IF(申込書!AS90<>"",申込書!AS90,"")) | AR11: =IF(申込書!$AU$5="○（取消し）","",IF(申込書!Y90<>"",申込書!Y90,"")) | AS11: =IF(申込書!$AU$5="○（取消し）","",IF(申込書!AB90<>"",申込書!AB90,"")) | AT11: =IF(申込書!$AU$5="○（取消し）","",IF(申込書!AE90<>"",申込書!AE90,"")) | AU11: =IF(申込書!$AU$5="○（取消し）","",IF(申込書!AH90<>"",申込書!AH90,"")) | AV11: =IF(申込書!$AU$5="○（取消し）","",IF(申込書!AQ90<>"",申込書!AQ90,"")) | AW11: =IF(申込書!$AU$5="○（取消し）","",IF(Y11<>"",申込書!$B$124,"")) | AX11: =IF(申込書!$AU$5="○（取消し）","",IF(Y11<>"",申込書!$AA$26,"")) | AY11: =IF(申込書!$AU$5="○（取消し）","",IF(申込書!P58<>"",申込書!P58,"")) | AZ11: =IF(申込書!$AU$5="○（取消し）","",IF(申込書!R58<>"",申込書!R58,"")) | BA11: =IF(申込書!$AU$5="○（取消し）","",IF(申込書!AY90<>"",申込書!AY90,"")) | BB11: =IF(申込書!$AU$5="○（取消し）","",IF(申込書!AZ90<>"",申込書!AZ90,"")) | BC11: =IF(申込書!$AU$5="○（取消し）","",IF(申込書!BA90<>"",申込書!BA90,"")) | BD11: =IF(申込書!$AU$5="○（取消し）","",IF(申込書!AX90<>"",申込書!AX90,"")) | BE11: =IF(申込書!$AU$5="○（取消し）","",IF(Y11<>"",申込書!$D$113,"")) | BF11: =IF(申込書!$AU$5="○（取消し）","",IF(申込書!U58<>"",申込書!U58,"")) | BG11: =IF(申込書!$AU$5="○（取消し）","",IF(申込書!V58<>"",申込書!V58,"")) | BH11: =IF(申込書!$AU$5="○（取消し）","",IF(申込書!AB58<>"",申込書!AB58,"")) | BI11: =IF(申込書!$AU$5="○（取消し）","",IF(申込書!AF58<>"",申込書!AF58,"")) | BJ11: =IF(申込書!$AU$5="○（取消し）","",IF(申込書!M74<>"",申込書!M74,"")) | BK11: =IF(申込書!$AU$5="○（取消し）","",IF(申込書!AO42<>"",申込書!AO42,"")) | BL11: =IF(申込書!$AU$5="○（取消し）","",IF(申込書!AR42<>"",申込書!AR42,"")) | BM11: =IF(申込書!$AU$5="○（取消し）","",IF(申込書!AT42<>"",申込書!AT42,"")) | BN11: =IF(申込書!$AU$5="○（取消し）","",IF(申込書!J42<>"",申込書!J42,"")) | BO11: =IF(申込書!$AU$5="○（取消し）","",IF(申込書!L42<>"",申込書!L42,"")) | BP11: =IF(申込書!$AU$5="○（取消し）","",IF(申込書!M42<>"",申込書!M42,"")) | BQ11: =IF(申込書!$AU$5="○（取消し）","",IF(OR(BN11="借受け",BN11="貸付け"),申込書!$AF$6,"")) | BR11: =IF(申込書!$AU$5="○（取消し）","",IF(申込書!N42<>"",申込書!N42,"")) | BS11: =IF(申込書!$AU$5="○（取消し）","",IF(申込書!AO74<>"",申込書!AO74,"")) | BT11: =IF(申込書!$AU$5="○（取消し）","",IF(申込書!AP74<>"",申込書!AP74,"")) | BU11: =IF(申込書!$AU$5="○（取消し）","",IF(申込書!AD74<>"",申込書!AD74,"")) | BV11: =IF(申込書!$AU$5="○（取消し）","",IF(申込書!AE74<>"",申込書!AE74,""))
Y12: =IF(申込書!$AU$5="○（取消し）","",IF(申込書!B43<>"",申込書!B43,"")) | Z12: =IF(申込書!$AU$5="○（取消し）","",IF(OR(Y12="",申込書!$E$6="",申込書!$F$4="",申込書!$N$5=""),"",申込書!$E$6&"_"&申込書!$F$4&"_"&申込書!$N$5)) | AA12: =IF(申込書!$AU$5="○（取消し）","",IF(申込書!C43<>"",申込書!C43,"")) | AB12: =IF(申込書!$AU$5="○（取消し）","",IF(申込書!E43<>"",申込書!E43,"")) | AC12: =IF(申込書!$AU$5="○（取消し）","",IF(申込書!O43<>"",申込書!O43,"")) | AD12: =IF(申込書!$AU$5="○（取消し）","",IF(申込書!S43<>"",申込書!S43,"")) | AE12: =IF(申込書!$AU$5="○（取消し）","",IF(申込書!Z43<>"",申込書!Z43,"")) | AF12: =IF(申込書!$AU$5="○（取消し）","",IF(申込書!AG43<>"",申込書!AG43,"")) | AG12: =IF(申込書!$AU$5="○（取消し）","",IF(申込書!BF91<>"",申込書!BF91,"")) | AH12: =IF(申込書!$AU$5="○（取消し）","",IF(OR(申込書!C43="共済対象外施設・機械の再建・修繕",申込書!C43="農業専用トラック"),申込書!$B$123,"")) | AI12: =IF(申込書!$AU$5="○（取消し）","",IF(申込書!AH43<>"",申込書!AH43,"")) | AJ12: =IF(申込書!$AU$5="○（取消し）","",IF(申込書!AI43<>"",申込書!AI43,"")) | AK12: =IF(申込書!$AU$5="○（取消し）","",IF(申込書!J59<>"",申込書!J59,"")) | AL12: =IF(申込書!$AU$5="○（取消し）","",IF(申込書!M59<>"",申込書!M59,"")) | AM12: =IF(申込書!$AU$5="○（取消し）","",IF(申込書!W75<>"",申込書!W75,"")) | AN12: =IF(申込書!$AU$5="○（取消し）","",IF(申込書!R91<>"",申込書!R91,"")) | AO12: =IF(申込書!$AU$5="○（取消し）","",IF(申込書!AK91<>"",申込書!AK91,"")) | AP12: =IF(申込書!$AU$5="○（取消し）","",IF(申込書!BC91<>"",申込書!BC91,"")) | AQ12: =IF(申込書!$AU$5="○（取消し）","",IF(申込書!AS91<>"",申込書!AS91,"")) | AR12: =IF(申込書!$AU$5="○（取消し）","",IF(申込書!Y91<>"",申込書!Y91,"")) | AS12: =IF(申込書!$AU$5="○（取消し）","",IF(申込書!AB91<>"",申込書!AB91,"")) | AT12: =IF(申込書!$AU$5="○（取消し）","",IF(申込書!AE91<>"",申込書!AE91,"")) | AU12: =IF(申込書!$AU$5="○（取消し）","",IF(申込書!AH91<>"",申込書!AH91,"")) | AV12: =IF(申込書!$AU$5="○（取消し）","",IF(申込書!AQ91<>"",申込書!AQ91,"")) | AW12: =IF(申込書!$AU$5="○（取消し）","",IF(Y12<>"",申込書!$B$124,"")) | AX12: =IF(申込書!$AU$5="○（取消し）","",IF(Y12<>"",申込書!$AA$26,"")) | AY12: =IF(申込書!$AU$5="○（取消し）","",IF(申込書!P59<>"",申込書!P59,"")) | AZ12: =IF(申込書!$AU$5="○（取消し）","",IF(申込書!R59<>"",申込書!R59,"")) | BA12: =IF(申込書!$AU$5="○（取消し）","",IF(申込書!AY91<>"",申込書!AY91,"")) | BB12: =IF(申込書!$AU$5="○（取消し）","",IF(申込書!AZ91<>"",申込書!AZ91,"")) | BC12: =IF(申込書!$AU$5="○（取消し）","",IF(申込書!BA91<>"",申込書!BA91,"")) | BD12: =IF(申込書!$AU$5="○（取消し）","",IF(申込書!AX91<>"",申込書!AX91,"")) | BE12: =IF(申込書!$AU$5="○（取消し）","",IF(Y12<>"",申込書!$D$113,"")) | BF12: =IF(申込書!$AU$5="○（取消し）","",IF(申込書!U59<>"",申込書!U59,"")) | BG12: =IF(申込書!$AU$5="○（取消し）","",IF(申込書!V59<>"",申込書!V59,"")) | BH12: =IF(申込書!$AU$5="○（取消し）","",IF(申込書!AB59<>"",申込書!AB59,"")) | BI12: =IF(申込書!$AU$5="○（取消し）","",IF(申込書!AF59<>"",申込書!AF59,"")) | BJ12: =IF(申込書!$AU$5="○（取消し）","",IF(申込書!M75<>"",申込書!M75,"")) | BK12: =IF(申込書!$AU$5="○（取消し）","",IF(申込書!AO43<>"",申込書!AO43,"")) | BL12: =IF(申込書!$AU$5="○（取消し）","",IF(申込書!AR43<>"",申込書!AR43,"")) | BM12: =IF(申込書!$AU$5="○（取消し）","",IF(申込書!AT43<>"",申込書!AT43,"")) | BN12: =IF(申込書!$AU$5="○（取消し）","",IF(申込書!J43<>"",申込書!J43,"")) | BO12: =IF(申込書!$AU$5="○（取消し）","",IF(申込書!L43<>"",申込書!L43,"")) | BP12: =IF(申込書!$AU$5="○（取消し）","",IF(申込書!M43<>"",申込書!M43,"")) | BQ12: =IF(申込書!$AU$5="○（取消し）","",IF(OR(BN12="借受け",BN12="貸付け"),申込書!$AF$6,"")) | BR12: =IF(申込書!$AU$5="○（取消し）","",IF(申込書!N43<>"",申込書!N43,"")) | BS12: =IF(申込書!$AU$5="○（取消し）","",IF(申込書!AO75<>"",申込書!AO75,"")) | BT12: =IF(申込書!$AU$5="○（取消し）","",IF(申込書!AP75<>"",申込書!AP75,"")) | BU12: =IF(申込書!$AU$5="○（取消し）","",IF(申込書!AD75<>"",申込書!AD75,"")) | BV12: =IF(申込書!$AU$5="○（取消し）","",IF(申込書!AE75<>"",申込書!AE75,""))

Sheet コード表
A1: 市町村コード | B1: 市町村名 | C1: ○× | D1: 対象者区分 | E1: 法人区分 | F1: 目標地図に位置付けられた者の区分 | G1: 課税区分 | H1: 営農類型 | I1: 事業メニュー | J1: 施設等種類 | K1: 整備形態 | L1: 所有貸借 | M1: 共済加入 | N1: 施設経過年数 | O1: 共済施設区分 | P1: 撤去区分 | Q1: 金融機関 | R1: 融資種類 | S1: 改善目標 | U1: 時価現有率区分 | V1: 1年未満 | W1: 2年未満 | X1: 3年未満 | Y1: 4年未満 | Z1: 5年未満 | AA1: 6年未満 | AB1: 7年未満 | AC1: 8年未満 | AD1: 9年未満 | AE1: 10年未満 | AF1: 11年未満 | AG1: 12年未満 | AH1: 13年未満 | AI1: 14年未満 | AJ1: 15年未満 | AK1: 15年超 | AL1: 助成対象者の立場
A2: 431001 | B2: 熊本市 | C2: ○ | D2: 農業者 | E2: 法人以外 | F2: 認定農業者 | G2: 本則課税 | H2: 水田作 | I2: 園芸施設共済対象施設の再建・修繕 | J2: 被災施設等と同じ | K2: 新品取得 | L2: 自己所有 | M2: 加入 | N2: 1年未満 | O2: ガラス室Ⅰ類木造 | P2: ガラスハウス | Q2: 農協 | R2: 近代化資金 | S2: ①付加価値額の拡大 | U2: ガラス室Ⅰ類木造 | V2: 1 | W2: 0.9 | X2: 0.8 | Y2: 0.7 | Z2: 0.6 | AA2: 0.5 | AB2: 0.5 | AC2: 0.5 | AD2: 0.5 | AE2: 0.5 | AF2: 0.5 | AG2: 0.5 | AH2: 0.5 | AI2: 0.5 | AJ2: 0.5 | AK2: 0.5 | AL2: 所有者
A3: 432024 | B3: 八代市 | C3: × | D3: 農業者が組織する団体 | E3: 法人 | F3: 認定就農者 | G3: 簡易課税 | H3: 畑作 | I3: 共済対象外施設・機械の再建・修繕 | J3: ハウス（パイプ） | K3: 中古取得 | L3: 借受け | M3: 未加入 | N3: 2年未満 | O3: ガラス室Ⅱ類鉄骨 | P3: プラスチック・鉄骨 | Q3: 農協連 | R3: 青年等就農資金 | S3: ②農産物の価値向上 | U3: ガラス室Ⅱ類鉄骨 | V3: 1 | W3: 0.96 | X3: 0.92 | Y3: 0.88 | Z3: 0.84 | AA3: 0.8 | AB3: 0.76 | AC3: 0.72 | AD3: 0.68 | AE3: 0.65 | AF3: 0.62 | AG3: 0.59 | AH3: 0.56 | AI3: 0.53 | AJ3: 0.5 | AK3: 0.5 | AL3: 利用者
A4: 432032 | B4: 人吉市 | F4: 集落営農組織（任意組織） | G4: 免税 | H4: いぐさ | I4: 営農施設等の補強 | J4: ハウス（鉄骨） | K4: 修繕 | L4: 貸付け | N4: 3年未満 | O4: プラスチックハウスⅠ類木竹 | P4: プラスチック・非鉄骨 | Q4: 農林中金 | R4: 公庫資金（改良資金） | S4: ③単位面積当たり収量の増加 | U4: プラスチックハウスⅠ類木竹 | V4: 1 | W4: 0.9 | X4: 0.8 | Y4: 0.7 | Z4: 0.6 | AA4: 0.5 | AB4: 0.5 | AC4: 0.5 | AD4: 0.5 | AE4: 0.5 | AF4: 0.5 | AG4: 0.5 | AH4: 0.5 | AI4: 0.5 | AJ4: 0.5 | AK4: 0.5
A5: 432041 | B5: 荒尾市 | F5: 市町村基本構想達成農業者 | H5: 露地野菜作 | I5: 土砂除去 | J5: ハウス（ガラス） | K5: 補強 | N5: 4年未満 | O5: プラスチックハウスⅡ類パイプ | P5: 畜舎 | Q5: 日本公庫 | R5: 公庫資金（スーパーL） | S5: ④経営コストの縮減 | U5: プラスチックハウスⅡ類パイプ | V5: 1 | W5: 0.95 | X5: 0.9 | Y5: 0.85 | Z5: 0.8 | AA5: 0.75 | AB5: 0.7 | AC5: 0.65 | AD5: 0.6 | AE5: 0.55 | AF5: 0.5 | AG5: 0.5 | AH5: 0.5 | AI5: 0.5 | AJ5: 0.5 | AK5: 0.5
A6: 432059 | B6: 水俣市 | F6: × | H6: 施設野菜作（トマト） | I6: 共同利用での再取得 | J6: 園芸施設附帯施設 | K6: その他（自由入力可） | N6: 5年未満 | O6: プラスチックハウスⅢ～Ⅴ類等鉄骨 | P6: 果樹棚等 | Q6: 沖縄公庫 | R6: 公庫資金（その他） | S6: ⑤経営面積の拡大 | U6: プラスチックハウスⅢ～Ⅴ類等鉄骨 | V6: 1 | W6: 0.96 | X6: 0.92 | Y6: 0.88 | Z6: 0.84 | AA6: 0.8 | AB6: 0.76 | AC6: 0.72 | AD6: 0.68 | AE6: 0.65 | AF6: 0.62 | AG6: 0.59 | AH6: 0.56 | AI6: 0.53 | AJ6: 0.5 | AK6: 0.5
A7: 432067 | B7: 玉名市 | H7: 施設野菜作（いちご） | I7: 施設等の撤去 | J7: かん水施設（園芸施設付帯施設以外。農業専用井戸を含む） | N7: 6年未満 | O7: 附帯施設 | P7: 農作業用施設等 | Q7: 奄美振興基金 | R7: 一般資金（プロパー資金） | S7: ⑥労働時間の縮減 | U7: 附帯施設 | V7: 1 | W7: 0.93 | X7: 0.86 | Y7: 0.79 | Z7: 0.72 | AA7: 0.65 | AB7: 0.58 | AC7: 0.5 | AD7: 0.5 | AE7: 0.5 | AF7: 0.5 | AG7: 0.5 | AH7: 0.5 | AI7: 0.5 | AJ7: 0.5 | AK7: 0.5
A8: 432083 | B8: 山鹿市 | H8: 施設野菜作（その他） | I8: 農業専用トラック | J8: 果樹棚 | N8: 7年未満 | O8: その他（自由入力可） | P8: その他・特認 | Q8: 銀行 | R8: その他（自由入力可） | S8: ⑦その他（自由入力可）
A9: 432105 | B9: 菊池市 | H9: 果樹作 | I9: その他（自由入力可） | J9: 畜舎 | N9: 8年未満 | Q9: 信用金庫
A10: 432113 | B10: 宇土市 | H10: 露地花き | J10: 農作業用施設 | N10: 9年未満 | Q10: 信用組合
A11: 432121 | B11: 上天草市 | H11: 施設花き | J11: 加工施設 | N11: 10年未満 | Q11: 都道府県
A12: 432130 | B12: 宇城市 | H12: 酪農 | J12: トラクター | N12: 11年未満 | Q12: 市町村
A13: 432148 | B13: 阿蘇市 | H13: 繁殖牛 | J13: コンバイン | N13: 12年未満 | Q13: その他（自由入力可）
A14: 432156 | B14: 天草市 | H14: 肥育牛 | J14: 田植機 | N14: 13年未満 | Q14: 商工組合中央金庫
A15: 432164 | B15: 合志市 | H15: 養豚 | J15: 乾燥機 | N15: 14年未満
A16: 433489 | B16: 美里町 | H16: 採卵養鶏 | J16: 選果機 | N16: 15年未満
A17: 433641 | B17: 玉東町 | H17: ブロイラー養鶏 | J17: いぐさ織機 | N17: 15年超
A18: 433675 | B18: 南関町 | H18: その他（自由入力可） | J18: その他農業用機械
A19: 433683 | B19: 長洲町 | J19: 農業専用トラック
A20: 433691 | B20: 和水町 | J20: その他（自由入力可）
A21: 434035 | B21: 大津町
A22: 434043 | B22: 菊陽町
A23: 434230 | B23: 南小国町
A24: 434248 | B24: 小国町
A25: 434256 | B25: 産山村
A26: 434281 | B26: 高森町
A27: 434329 | B27: 西原村
A28: 434337 | B28: 南阿蘇村
A29: 434418 | B29: 御船町
A30: 434426 | B30: 嘉島町
A31: 434434 | B31: 益城町
A32: 434442 | B32: 甲佐町
... A46: 435317 | B46: 苓北町

Sheet 郵便番号（熊本県）
A2: 1 | B2: 2
A3: 郵便番号 | B3: 県・郡・市町・字名
A4: 861-0000 | B4: 熊本県熊本市中央区
A5: 860-0801 | B5: 熊本県熊本市中央区安政町
A6: 860-0841 | B6: 熊本県熊本市中央区井川淵町
A7: 862-0941 | B7: 熊本県熊本市中央区出水
A8: 860-0043 | B8: 熊本県熊本市中央区板屋町
A9: 860-0031 | B9: 熊本県熊本市中央区魚屋町
A10: 860-0077 | B10: 熊本県熊本市中央区内坪井町
A11: 862-0942 | B11: 熊本県熊本市中央区江津
A12: 862-0971 | B12: 熊本県熊本市中央区大江
A13: 862-0973 | B13: 熊本県熊本市中央区大江本町
A14: 862-0958 | B14: 熊本県熊本市中央区岡田町
... A1897: 863-2611 | B1897: 熊本県天草郡苓北町都呂々
